 Dungeon Crawl Stone Soup version 0.28.0 (webtiles) character file.

Game seed: 18168916112035678875

120 hikkokomori the Shield-Bearer (level 5, -4/43 HPs)
             Began as a Formicid Fighter on Feb 13, 2022.
             Slain by a wyvern (6 damage)
             ... on level 6 of the Dungeon.
             The game lasted 00:02:23 (2802 turns).

hikkokomori the Shield-Bearer (Formicid Fighter)    Turns: 2802, Time: 00:02:23

Health: -4/43      AC:  6    Str: 23    XL:     5   Next: 25%
Magic:  5/5        EV:  9    Int:  7    God:
Gold:   95         SH:  4    Dex: 10    Spells: 4/4 levels left

rFire   . . .      SeeInvis +   a - +0 war axe
rCold   . . .      Faith    .   c - +0 buckler
rNeg    . . .      Spirit   .   b - +0 scale mail
rPois   .          Reflect  .   (helmet unavailable)
rElec   .          Harm     .   (no cloak)
rCorr   .          Rampage  .   (no gloves)
Will    .....                   (no boots)
Stlth   ..........              (no amulet)
HPRegen 0.14/turn               (no ring)
MPRegen 0.09/turn               (no ring)

@: no status effects
A: permanent stasis, dig shafts and tunnels, antennae 3, four strong arms
a: Dig, Shaft Self


You were on level 6 of the Dungeon.
You visited 1 branch of the dungeon, and saw 4 of its levels.

You collected 95 gold pieces.

Inventory:

Hand Weapons
 a - a +0 war axe (weapon)
Missiles
 g - 9 poisoned darts
 m - 2 curare-tipped darts
Armour
 b - a +0 scale mail (worn)
 c - a +0 buckler (worn)
Scrolls
 d - a scroll of amnesia {unknown}
 f - 2 scrolls of teleportation {unknown}
 h - a scroll of fear {unknown}
 j - a scroll of identify {unknown}
 l - a scroll of fog {unknown}
Potions
 e - a potion of degeneration {unknown}
 i - 2 potions of mutation {unknown}
 k - a potion of curing {unknown}


   Skills:
 + Level 4.4 Fighting
 + Level 3.2 Axes
 + Level 3.6 Armour
 - Level 4.5 Shields


You had 4 spell levels left.
You didn't know any spells.
Your spell library contained the following spells:

 Spells                   Type           Power      Damage    Failure   Level
 Dazzling Flash           Conj/Hex       0%         N/A       99%         3
 Agony                    Necr           0%         N/A       100%        5
 Silence                  Hex/Air        0%         N/A       100%        5


Dungeon Overview and Level Annotations

Branches:
Dungeon (3/15)

Altars:


Innate Abilities, Weirdness & Mutations

You cannot be hasted, slowed, berserked, paralysed or teleported.
You can dig through walls and to a lower floor.
You have a pair of large antennae on your head. (SInv)
Your four strong arms can wield two-handed weapons with a shield.


Message History

No target in view!
A sourceless malevolence fills the Dungeon...
You fall into a shaft and drop 3 floors!
The shaft crumbles and collapses.
Found 13 gold pieces.
A wyvern comes into view.
Found a scroll labelled ZOUMED FOSKYV.
The wyvern bites you!
You barely miss the wyvern. The wyvern misses you.
The wyvern barely misses you. x2
You hit the wyvern but do no damage. The wyvern bites you.
You hit the wyvern.
The wyvern is lightly wounded.
The wyvern bites you but does no damage.
The wyvern bites you. The wyvern barely misses you.
You hit the wyvern but do no damage.
The wyvern is lightly wounded.
The wyvern completely misses you. The wyvern barely misses you.
You closely miss the wyvern.
The wyvern is lightly wounded.
You block the wyvern's attack. The wyvern bites you.
You closely miss the wyvern.
The wyvern is lightly wounded.
The wyvern barely misses you. The wyvern bites you!
You hit the wyvern but do no damage.
The wyvern is lightly wounded.
You block the wyvern's attack. The wyvern closely misses you.
You barely miss the wyvern.
The wyvern is lightly wounded.
The wyvern bites you!
* * * LOW HITPOINT WARNING * * *
The wyvern bites you but does no damage.
You hit the wyvern but do no damage.
The wyvern is lightly wounded.
The wyvern bites you.
* * * LOW HITPOINT WARNING * * *
You block the wyvern's attack.
You closely miss the wyvern.
The wyvern is lightly wounded.
The wyvern bites you.
You die...

#.#####
#..l@.#
#?###.#
#.# #.#
#.# #.#
#$# #.#
#.#


You could see a wyvern.

Vanquished Creatures
  Terence (D:2)
  An orc wizard (D:3)
  2 adders
  A worm (D:3)
  3 orcs
  An endoplasm (D:1)
  2 giant cockroaches (D:1)
  7 goblins
  5 hobgoblins
  4 jackals (D:1)
  A quokka (D:1)
  9 ball pythons
  2 bats (D:2)
  2 frilled lizards
  2 kobolds (D:2)
  3 rats
46 creatures vanquished.

Notes
Turn   | Place    | Note
-------+----------+-------------------------------------------
     0 | D:1      | hikkokomori the Formicid Fighter began the quest for the
                  | Orb.
     0 | D:1      | Reached XP level 1. HP: 18/18 MP: 1/1
   375 | D:1      | Reached XP level 2. HP: 24/24 MP: 2/2
   383 | D:1      | Found a faded altar of an unknown god.
   801 | D:1      | Reached XP level 3. HP: 29/30 MP: 3/3
  2013 | D:2      | Noticed Terence
  2025 | D:2      | Killed Terence
  2026 | D:2      | Reached XP level 4. HP: 11/37 MP: 4/4
  2548 | D:3      | Reached XP level 5. HP: 36/42 MP: 5/5
  2790 | D:3      | You fall into a shaft and drop 3 floors!
  2791 | D:6      | Noticed a wyvern
  2801 | D:6      | HP: 2/43 [wyvern (1)]
  2802 | D:6      | Slain by a wyvern

Illustrated notes

Levels and vault maps discovered:
D:1:      lightli_iron_boxes, layout_basic,
          hellmonk_ecumenical_altar_crossroads, patterned_corridor
D:2:      layout_basic, amcnicky_mini_pool_small, uniq_terence
D:3:      layout_basic
D:6:      layout_loops_ring, kennysheep_mini, lightli_corner_chamber,
          uniq_menkaure, uniq_edmund, uniq_blork_the_orc

Skill      XL: |  1  2  3  4 |
---------------+-------------+-----
Shields        | 4 |  4.5
Fighting       | 4 |  4.4
Axes           | 3 |  3.2
Armour         | |  3.6

Action                   |  1- 3 |  4- 6 || total
-------------------------+-------+-------++-------
Melee: War axe           |   105 |    43 ||   148
  Use: Potion            |     1 |       ||     1
Armor: Scale mail        |    40 |    16 ||    56
Dodge: Dodged            |    57 |    21 ||    78
Block: Buckler           |    19 |     5 ||    24
